 Dungeon Crawl Stone Soup version 0.19-a0-1111-gcceb26a (webtiles) character file.

93 Deeps the Firebug (level 4, -4/33 HPs)
             Began as a Draconian Fire Elementalist on Aug 10, 2016.
             Killed from afar by an orc wizard (5 damage)
             ... with a magic dart
             ... on level 2 of the Dungeon.
             The game lasted 00:03:55 (2445 turns).

Deeps the Firebug (Draconian Fire Elementalist)     Turns: 2445, Time: 00:03:57

Health: -4/33      AC:  5    Str: 16    XL:     4   Next: 37%
Magic:  5/8        EV: 17    Int: 16    God:
Gold:   91         SH:  0    Dex: 16    Spells: 1 memorised, 8 levels left

rFire  . . .     SeeInvis .     j - +3 mace
rCold  . . .     Gourm    .     (armour unavailable)
rNeg   . . .     Faith    .     (no shield)
rPois  .         Spirit   .     (helmet restricted)
rElec  .         Dismiss  .     (no cloak)
rCorr  .         Reflect  .     (no gloves)
SustAt .         Harm     .     (no boots)
MR     .....                    (no amulet)
Stlth  +++.......               (no ring)
                                (no ring)

@: mighty, agile, lethally poisoned (-4 -> -9), slowed, very slow
A: unfitting armour, cold-blooded, AC +5
a: no special abilities


You were on level 2 of the Dungeon.
You were very hungry.

You visited 1 branch of the dungeon, and saw 3 of its levels.

You collected 91 gold pieces.

Inventory:

Hand Weapons
 j - a +3 mace (weapon)
Scrolls
 d - 5 scrolls of identify {unknown}
 e - a scroll of teleportation {unknown}
 g - a scroll of noise {unknown}
 k - a scroll of magic mapping {unknown}
 m - a scroll of amnesia {unknown}
 p - a scroll of immolation {unknown}
Potions
 c - 2 potions of might
 h - 2 potions of curing {unknown}
 i - a potion of cure mutation {unknown}
 o - a potion of mutation {unknown}
Books
 a - a book of Flames

   Spells                             Type                      Level
   a - Flame Tongue                   Conjuration/Fire             1
   b - Throw Flame                    Conjuration/Fire             2
   c - Conjure Flame                  Conjuration/Fire             3
   d - Inner Flame                    Hexes/Fire                   3
   e - Sticky Flame                   Conjuration/Fire             4
   f - Fireball                       Conjuration/Fire             5
Comestibles
 b - 2 bread rations
 f - a meat ration
 l - a slice of pizza


   Skills:
 - Level 1.7 Dodging
 - Level 1.7 Stealth
 + Level 3.0 Spellcasting
 + Level 2.2 Conjurations
 + Level 3.9 Fire Magic


You had 8 spell levels left.
You knew the following spells:

 Your Spells              Type           Power        Failure   Level  Hunger
a - Flame Tongue          Conj/Fire      ##...        8%          1    #......


Dungeon Overview and Level Annotations

Branches:
Dungeon (3/15)

Altars:
Pakellas


Innate Abilities, Weirdness & Mutations

Your plain brown scales are hard. (AC +5)
Your body does not fit into most forms of armour.
You are cold-blooded and may be slowed by cold attacks.


Message History

You feel sick.
There is a stone staircase leading down here.
Okay, then.
It was a potion of agility.
You feel agile all of a sudden.
* * * LOW HITPOINT WARNING * * *
You feel sick. The rat closely misses you. The orc misses you.
The orc barely misses you.
The orc wizard gestures wildly while chanting.
The orc wizard blinks!
The rat closely misses you. The orc hits you with a falchion.
* * * LOW HITPOINT WARNING * * *
It was a potion of might.
You feel very mighty all of a sudden.
* * * LOW HITPOINT WARNING * * *
You feel sick. The orc misses you. The rat closely misses you.
The orc completely misses you. The orc wizard casts a spell at you.
The magic dart hits you!
You die...

#......##.....#####
#......##.....#####
######....#+#.##...
#......)#.#.##...
######.#####.....##...
#.##..÷...............
#.[...............#.##
##.##§oo........##.#.##
#.....@...o............
#####.r...#######.....#
#.###.# ##..#... ###
#.# #...#### #.#
#...#### #.# ###.......
#.####.##'#####
#...##.÷..# #......####


You could see an orc wizard, 2 orcs and a rat.

Vanquished Creatures
  3 gnolls (D:2)
  An adder (D:3)
  3 worms (D:2)
  2 dart slugs
  2 giant geckos
  A giant cockroach (D:1)
  6 goblins
  2 hobgoblins
  3 jackals (D:2)
  5 bats
  2 giant newts
  4 kobolds
  10 rats
44 creatures vanquished.

Notes
Turn   | Place    | Note
-------+----------+-------------------------------------------
     0 | D:1      | Deeps the Draconian Fire Elementalist began the quest for the Orb.
     0 | D:1      | Reached XP level 1. HP: 14/14 MP: 3/3
   232 | D:1      | Reached XP level 2. HP: 17/20 MP: 0/5
  1257 | D:2      | Reached XP level 3. HP: 22/26 MP: 1/6
  2151 | D:2      | Reached XP level 4. HP: 24/33 MP: 5/8
  2244 | D:2      | Found an oddly glowing altar of Pakellas.
  2444 | D:2      | HP: 1/33 [orc/falchion (3)]
  2445 | D:2      | Killed from afar by an orc wizard

Vault maps used:
D:1:      dpeg_arrival_long_road, minmay_split_cup_small
D:2:      nicolae_overflow_crystal_walls
D:3:      old_standard_altar, first_bread

Skill      XL: |  1  2  3  4 |
---------------+-------------+-----
Conjurations   | 2 |  2.2
Spellcasting   | 3 |  3.0
Dodging        | |  1.7
Stealth        | |  1.7
Fire Magic     | |  3.9

Action                   |  1- 3 |  4- 6 || total
-------------------------+-------+-------++-------
Melee: Unarmed           |     3 |       ||     3
       Tailslap          |     4 |       ||     4
       Mace              |    16 |       ||    16
 Cast: Flame Tongue      |    59 |    20 ||    79
  Use: Potion            |       |     2 ||     2
 Stab: Distracted        |     1 |       ||     1
  Eat: Bread ration      |     1 |       ||     1
Armor: Skin              |    15 |     4 ||    19
Dodge: Dodged            |    46 |    19 ||    65
